 Dungeon Crawl Stone Soup version 0.31-a0-325-g067879e3d3 (webtiles) character file.

Game seed: 5769999144010744005

924 AdnanSaban the Cudgeller (level 8, 0/49 HPs)
             Began as a Gargoyle Fighter on July 18, 2023.
             Was an Initiate of Okawaru.
             Killed by divine providence
             ... invoked by an orc priest
              (15 damage)
             ... on level 6 of the Dungeon.
             The game lasted 00:11:03 (5602 turns).

AdnanSaban the Cudgeller (Gargoyle Fighter)         Turns: 5602, Time: 00:11:05

Health: 0/49       AC: 24    Str: 22    XL:     8   Next: 10%
Magic:  8/8        EV:  6    Int:  9    God:    Okawaru [......]
Gold:   376        SH:  4    Dex:  9    Spells: 7/7 levels left

rFire   . . .        a - +0 flail
rCold   . . .        c - +0 buckler
rNeg    + . .        y - +0 plate armour
rPois   ∞            (no helmet)
rElec   +            m - +0 cloak
rCorr   .            n - +0 pair of gloves
SInv    .            (no boots)
Will    .....        (no amulet) Stlth
                     l - +4 ring of protection
HPRegen 0.28/turn    (no ring)
MPRegen 0.11/turn

%: no passive effects
@: no status effects
A: sickness immunity, AC +5, negative energy resistance 1, electricity
resistance, torment resistance 1, petrification resistance
a: Renounce Religion


You were on level 6 of the Dungeon.
You worshipped Okawaru.
Okawaru was noncommittal.
You visited 1 branch of the dungeon, and saw 6 of its levels.

You collected 376 gold pieces.

Inventory:

Hand Weapons
 a - a +0 flail (weapon)
Armour
 c - a +0 buckler (worn)
 m - a +0 cloak (worn)
 n - a +0 pair of gloves (worn)
 y - a +0 plate armour (worn)
Jewellery
 l - a +4 ring of protection (left hand)
 u - an amulet of magic regeneration
 B - a +5 ring of evasion
Wands
 b - a wand of light (3)
 i - a wand of charming (6)
 q - a wand of flame (31)
Scrolls
 e - 2 scrolls of amnesia {unknown}
 f - 7 scrolls of identify {unknown}
 g - 2 scrolls of blinking {unknown}
 h - 3 scrolls of silence {unknown}
 j - 2 scrolls of vulnerability {unknown}
 o - 2 scrolls of fog {unknown}
 p - a scroll of butterflies {unknown}
 r - a scroll of fear {unknown}
 v - a scroll of torment {unknown}
 x - a scroll of poison {unknown}
Potions
 d - a potion of might
 k - a potion of haste {unknown}
 s - 3 potions of heal wounds {unknown}
 t - a potion of brilliance {unknown}
 w - a potion of resistance {unknown}
 z - 2 potions of curing {unknown}
 A - a potion of attraction {unknown}


   Skills:
 + Level 5.1 Fighting
 + Level 6.5 Maces & Flails
 + Level 5.7 Armour
 + Level 4.6 Shields


You had 7 spell levels left.
You didn't know any spells.
Your spell library contained the following spells:

 Spells                   Type           Power      Damage    Failure   Level
 Ensorcelled Hibernation  Hex/Ice        0%         N/A       100%        2
 Passwall                 Tmut/Erth      0%         N/A       100%        2
 Ignite Poison            Fire/Tmut/Pois 0%         N/A       100%        3
 Portal Projectile        Hex/Tloc       0%         N/A       100%        3
 Swiftness                Air            0%         N/A       100%        3
 Leda's Liquefaction      Hex/Erth       0%         N/A       100%        4
 Freezing Cloud           Conj/Ice/Air   0%         6-21      100%        5
 Cigotuvi's Dreadful Rot  Necr/Pois/Air  Unusable   N/A       N/A         2
 Call Canine Familiar     Summ           Unusable   N/A       N/A         3

Dungeon Overview and Level Annotations

Branches:
Dungeon (6/15)
 Temple: D:4-7

Altars:
Dithmenos
Okawaru

Shops:
D:2 [

Annotations:
D:2 1 exclusion
D:5 1 runed translucent door, Crazy Yiuf


Innate Abilities, Weirdness & Mutations

You are immune to sickness and miasma.
Your stone body is resilient. (AC +5)
You are immune to poison.
You resist negative energy. (rN+)
You are resistant to electric shocks. (rElec)
You are resistant to unholy torment.
You are immune to petrification.


Message History

An orc priest comes into view. It is wielding a +0 war axe.
The orc priest shouts!
An orc wizard comes into view. It is wielding a +0 dagger.
The orc wizard shouts!
The orc barely misses you.
You closely miss the orc. The orc hits you but does no damage.
You closely miss the orc. The orc hits you but does no damage.
The orc priest calls down the wrath of Beogh upon you.
Beogh smites you!
The orc priest mumbles some strange prayers to Beogh against you.
Beogh smites you!
The orc priest mumbles some strange prayers to Beogh against you.
Beogh smites you!
* * * LOW HITPOINT WARNING * * *
You completely miss the orc priest.
The orc priest hits you but does no damage.
The orc completely misses you.
You sock the orc priest!
The orc priest is severely wounded.
The orc priest hits you but does no damage.
The orc barely misses you.
The orc priest calls down the wrath of Beogh upon you.
You struggle to resist.
The orc priest miscasts a cantrip.
The orc attacks as you move away! The orc hits you but does no damage.
The orc wizard casts a spell.
The orc wizard flickers and vanishes!
Deactivating autopickup; reactivate with Ctrl-A.
The orc attacks as you move away! The orc barely misses you.
The orc attacks as you move away! The orc barely misses you.
Okay, then.
You closely miss the orc. The orc barely misses you.
You block the orc's attack.
You barely miss the orc. The orc barely misses you.
You hit the orc but do no damage.
An orc is nearby!
A shadow imp comes into view.
The orc priest calls down the wrath of Beogh upon you.
Beogh smites you!
You die...

#.....######o###.#
##.##.# #...o.#.#
#....# #o#...#.#
####.# #o#####.#
#.# #.#.....# #.#
#o#.##### #.#
#{#.# #.#.# #@#.#
#5#.# ###### #.#.#
#..... #.#.#
#.#### ..#.# #.#
###.# #.# #.# #.#
#.# ###.# #.#
#...#


You could see 2 orc priests, a shadow imp and an orc.

Vanquished Creatures
  Sigmund (D:5)
  A water moccasin (D:4)
  An orc warrior (D:4)
  A black bear (D:6)
  A howler monkey (D:4)
  A hound (D:5)
  2 orc priests (D:4)
  Jessica (D:2)
  2 iguanas
  An orc wizard (D:4)
  4 gnolls
  7 adders
  2 worms (D:3)
  4 dart slugs
  22 orcs
  8 endoplasms
  3 giant cockroaches
  7 goblins
  8 hobgoblins
  5 jackals (D:2)
  9 kobolds
  2 quokkas
  12 ball pythons
  6 bats
  8 frilled lizards
  4 rats
123 creatures vanquished.

Notes
Turn   | Place    | Note
-------+----------+-------------------------------------------
     0 | D:1      | AdnanSaban the Gargoyle Fighter began the quest for the
                  | Orb.
     0 | D:1      | Reached XP level 1. HP: 14/14 MP: 1/1
    85 | D:2      | Reached XP level 2. HP: 19/19 MP: 2/2
   164 | D:2      | Found Ryarr's Antique Armour Emporium.
   398 | D:2      | Reached XP level 3. HP: 21/23 MP: 3/3
   454 | D:2      | Found a faded altar of an unknown god.
   473 | D:2      | Noticed Jessica
   480 | D:2      | Killed Jessica
   798 | D:1      | Reached XP level 4. HP: 29/29 MP: 4/4
   912 | D:1      | Reached skill level 3 in Maces & Flails
  1599 | D:3      | Reached XP level 5. HP: 31/33 MP: 5/5
  2014 | D:3      | Identified the +1 buckler of Pathos {rCorr Int+2}
  2579 | D:4      | Reached skill level 4 in Maces & Flails
  2625 | D:4      | Found a shadowy altar of Dithmenos.
  2814 | D:4      | Reached XP level 6. HP: 38/38 MP: 6/6
  2860 | D:4      | Noticed an orc warrior
  3293 | D:5      | Entered Level 5 of the Dungeon
  3807 | D:5      | Reached skill level 5 in Maces & Flails
  3914 | D:5      | Noticed Sigmund
  3934 | D:5      | Killed Sigmund
  3935 | D:5      | Reached skill level 5 in Armour
  3935 | D:5      | Reached XP level 7. HP: 31/44 MP: 7/7
  4066 | D:4      | Reached skill level 6 in Maces & Flails
  4173 | D:4      | Found an iron altar of Okawaru.
  4178 | D:4      | Became a worshipper of Warmaster Okawaru
  4573 | D:5      | Found a runed translucent door.
  4574 | D:5      | Noticed Crazy Yiuf
  4863 | D:5      | Reached skill level 5 in Fighting
  5397 | D:6      | Reached XP level 8. HP: 48/49 MP: 8/8
  5602 | D:6      | Killed from afar by an orc priest

Illustrated notes

Levels and vault maps discovered:
D:1:      dpeg_arrival_rooms_b, layout_basic, minmay_split_cup_large
D:2:      layout_loops_ring, serial_shops, nicolae_shop_behind_doors,
          chequers_ecumenical_altar_grove, uniq_jessica
D:3:      minmay_general_purpose_star, layout_basic, st_stairs_6,
          minmay_misc_feat_roman, grunt_ministairs_12, hangedman_feature_mirror,
          fountainhead
D:4:      layout_loops_ring, hellmonk_okawaru_the_only_friend_you_need,
          nicolae_dithmenos_shadow_blocks, guppyfry_early_orc_mine
D:5:      layout_loops_ring, kennysheep_cross_room, uniq_sigmund,
          uniq_crazy_yiuf_cottage
D:6:      layout_basic, minmay_misc_feat_hallway, sigmund_army, uniq_grinder,
          uniq_duvessa

Skill      XL: |  1  2  3  4  5  6  7 |
---------------+----------------------+-----
Maces & Flails | 3 4 5 6 |  6.5
Shields        | 4 |  4.6
Fighting       | 4 5 |  5.1
Armour         | 4 5 |  5.7

Action                     |  1- 3 |  4- 6 |  7- 9 || total
---------------------------+-------+-------+-------++-------
  Melee: Flail             |   103 |   334 |   105 ||   542
 Armour: Scale mail        |    59 |   247 |    50 ||   356
         Plate armour      |       |       |    27 ||    27
  Dodge: Dodged            |    47 |   156 |    49 ||   252
  Block: Buckler           |    26 |    82 |    27 ||   135

Table legend: (Time is in decaauts)
 A = Elapsed time spent in this place.
 B = Non-inter-level travel time spent in this place.
 C = Inter-level travel time spent in this place.
 D = Time resting spent in this place.
 E = Time spent auto-exploring this place.
 F = Levels seen in this place.
 G = Mean time per level.
                   A        B        C        D        E       F      G
               +--------+--------+--------+--------+--------+-----+--------+
         Total |   5734 |   5146 |    588 |    166 |   3611 |   6 |  955.7 |
       Dungeon |   5734 |   5146 |    588 |    166 |   3611 |   6 |  955.7 |
               +--------+--------+--------+--------+--------+-----+--------+

Top non-repeatable levels by time:
     D:5: 1383 daAuts
     D:4: 1268 daAuts
     D:3: 1160 daAuts
     D:2: 810 daAuts
     D:1: 697 daAuts
     D:6: 415 daAuts
